 Dungeon Crawl Stone Soup version 0.27.1-4-g1640c2035a (webtiles) character file.

Game seed: 17531498725728683873

567 ders the Skirmisher (level 7, -6/45 HPs)
             Began as a Gargoyle Fighter on Nov 1, 2021.
             Mangled by Pikel (7 damage)
             ... on level 5 of the Dungeon.
             The game lasted 00:12:25 (5027 turns).

ders the Skirmisher (Gargoyle Fighter)              Turns: 5027, Time: 00:12:25

Health: -6/45      AC: 11    Str: 22    XL:     7   Next: 33%
Magic:  8/8        EV:  9    Int:  8    God:
Gold:   153        SH:  0    Dex:  9    Spells: 6/6 levels left

rFire    + . .     SeeInvis .   h - +7 great mace "Undeadhunter" {disrupt, rN+}
rCold    + . .     Faith    .   (shield currently unavailable)
rNeg     + + .     Spirit   .   b - +0 scale mail
rPois    ∞         Reflect  .   (no helmet)
rElec    +         Harm     .   (no cloak)
rCorr    +         Rampage  .   (no gloves)
Will     .....                  (no boots)
Stlth    ..........             (no amulet)
HPRegen  0.15/turn              (no ring)
MPRegen  0.11/turn              (no ring)

@: silenced, resistant (expiring)
A: sickness immunity, AC +4, negative energy resistance 1, electricity
resistance, torment resistance 1, petrification resistance
a: no special abilities


You were on level 5 of the Dungeon.
You visited 1 branch of the dungeon, and saw 5 of its levels.

You collected 153 gold pieces.

Inventory:

Hand Weapons
 h - the +7 great mace "Undeadhunter" (weapon) {disrupt, rN+}
   (You found it on level 4 of the Dungeon)

   It inflicts significantly more damage against the undead.
   rN:        It protects you from negative energy.
Armour
 b - a +0 scale mail (worn)
 j - a +0 pair of gloves
Wands
 n - a wand of acid (10)
 o - a wand of flame (15)
Scrolls
 a - a scroll of identify
 i - a scroll of silence
 l - 2 scrolls of holy word
Potions
 c - a potion of resistance


   Skills:
 * Level 5.9 Fighting
 - Level 0.2 Short Blades
 * Level 5.7 Maces & Flails
 - Level 0.5 Polearms
 - Level 3.2 Armour
 - Level 0.2 Stealth
 - Level 3.2 Shields
 + Level 2.2 Invocations


You had 6 spell levels left.
You didn't know any spells.
Your spell library contained the following spells:

 Spells                   Type           Power      Damage    Failure   Level
 Corona                   Hex            0%         N/A       75%         1
 Magic Dart               Conj           0%         1d3       75%         1
 Summon Small Mammal      Summ           0%         N/A       75%         1
 Call Imp                 Summ           0%         N/A       86%         2
 Call Canine Familiar     Summ           0%         N/A       98%         3
 Dazzling Flash           Conj/Hex       0%         N/A       98%         3
 Mephitic Cloud           Conj/Pois/Air  0%         N/A       98%         3
 Summon Guardian Golem    Hex/Summ       0%         N/A       98%         3
 Agony                    Necr           0%         N/A       100%        5
 Silence                  Hex/Air        0%         N/A       100%        5


Dungeon Overview and Level Annotations

Branches:
Dungeon (5/15)             Temple (0/1) D:5

Altars:
Ashenzari
Fedhas
Wu Jian

Shops:
D:2 *

Annotations:
D:5 Pikel


Innate Abilities, Weirdness & Mutations

You are immune to sickness and miasma.
Your stone body is resilient. (AC +4)
You are immune to poison.
You resist negative energy. (rN+)
You are resistant to electric shocks. (rElec)
You are resistant to unholy torment.
You are immune to petrification.


Message History

Pikel hits your water moccasin skeleton with a +0 whip of flaming!
Pikel burns your water moccasin skeleton.
Your orc hits Pikel but does no damage. The orc priest closely misses your orc.
Your orc hits the orc priest with a +0 short sword.
Your water moccasin skeleton bites Pikel.
Pikel completely misses you.
Your orc hits the orc priest but does no damage.
The orc priest hits your orc with a +0 falchion.
Pikel barely misses you.
Your orc closely misses the orc priest.
You barely miss Pikel.
The orc priest hits your orc with a +0 falchion!
Your orc dies!
Your orc's corpse dissolves into shadows!
Pikel hits you but does no damage.
Your water moccasin skeleton bites the orc priest!
You barely miss Pikel.
The orc priest mumbles some strange prayers to Beogh against you.
Beogh smites you!
* * * LOW HITPOINT WARNING * * *
Pikel hits you but does no damage.
Your water moccasin skeleton bites the orc priest.
Pikel hits you but does no damage.
You hit Pikel.
Pikel is lightly wounded.
You start to feel less resistant.
Your water moccasin skeleton barely misses the orc priest.
The orc priest begins to cast a cantrip, but forgets the words!
Your water moccasin skeleton bites the orc priest.
The orc priest dies!
Pikel barely misses you.
As you read the scroll labelled XUMEGR JAATHE, it crumbles to dust.
It is a scroll of enchant weapon.
You aren't carrying any weapons that can be enchanted.
Pikel barely misses you.
As you read the scroll of silence, it crumbles to dust.
A profound silence engulfs you. The orc hits you with a +0 flail.
* * * LOW HITPOINT WARNING * * *
Pikel hits you with a +0 whip of flaming!
You die...

* *,* #o#.#.##..#,*
*≈≈≈,*,≈, * *,*
#.o.o.....#,******,*,≈≈,*
* *,*
#.#.#o##..#,,,,,,≈≈≈,≈≈*≈
*,*
#K#.#.##).#*****,,≈≈≈*,,,
*,* #...#.##o##
*,≈≈≈≈≈,≈≈ *,* #.###.##Z#
*,,**≈,,≈≈ *,* #.# #.##.#
*,,,≈≈≈≈≈, *,**#.#*#.##K#
*,≈≈,≈,≈,* *,*,...,#.oo@#
*,,≈≈,≈,≈, *,**###,#.####
**,,,,,*** *,,,* *,##*
******* *,*,* *,*
***,***,* *,,,,,* *,***,*
*** ***


You could see Pikel (ally target), 3 orcs and a friendly water moccasin skeleton
(summoned).

Vanquished Creatures
  A water moccasin (D:5)
  Duvessa (D:4)
  Dowan (D:3)
  2 orc priests
  A hound (D:4)
  An iguana (D:4)
  An orc wizard (D:2)
  A gnoll (D:1)
  7 adders
  An adder skeleton (D:4)
  2 worms (D:2)
  A dart slug (D:2)
  9 orcs
  A ball python (D:2)
  4 endoplasms
  5 giant cockroaches
  3 hobgoblins
  3 kobolds
  2 quokkas
  3 bats
  5 frilled lizards
  10 goblins
  6 rats
71 creatures vanquished.

Vanquished Creatures (collateral kills)
  An orc priest (D:5)
1 creature vanquished.

Vanquished Creatures (others)
  2 fungi (D:2)
  3 plants (D:2)
5 creatures vanquished.

Grand Total: 77 creatures vanquished

Notes
Turn   | Place    | Note
-------+----------+-------------------------------------------
     0 | D:1      | ders the Gargoyle Fighter began the quest for the Orb.
     0 | D:1      | Reached XP level 1. HP: 14/14 MP: 1/1
   443 | D:1      | Reached XP level 2. HP: 20/20 MP: 2/2
  1198 | D:2      | Reached XP level 3. HP: 20/24 MP: 3/3
  1623 | D:2      | You fall into a shaft and drop 1 floor!
  1641 | D:3      | Reached XP level 4. HP: 30/30 MP: 4/4
  2066 | D:2      | Found a faded altar of an unknown god.
  2083 | D:2      | Got Plato's Catalogue of Bewitchment
  2310 | D:2      | Found Zovag's General Store.
  2693 | D:2      | Reached XP level 5. HP: 26/34 MP: 5/5
  3212 | D:3      | Found a broken altar of Ashenzari.
  3252 | D:3      | Reached skill level 1 in Invocations
  3252 | D:3      | HP: 1/34 [orc (5)]
  3989 | D:4      | Noticed Duvessa
  3989 | D:4      | Noticed Dowan
  4007 | D:3      | Reached skill level 5 in Fighting
  4055 | D:3      | Reached XP level 6. HP: 32/40 MP: 6/6
  4131 | D:4      | Killed Duvessa
  4132 | D:4      | Reached skill level 5 in Maces & Flails
  4542 | D:3      | Killed Dowan
  4694 | D:4      | Found the +7 great mace "Undeadhunter" {disrupt, rN+}
  4714 | D:4      | Identified the +4 cloak of the Flute {rPois rF+++ Will+
                  | Str-4}
  4799 | D:4      | Reached XP level 7. HP: 35/44 MP: 8/8
  4882 | D:4      | Found an ornate altar of the Wu Jian Council.
  4882 | D:4      | Found a blossoming altar of Fedhas.
  4972 | D:4      | Noticed Pikel
  4983 | D:5      | Entered Level 5 of the Dungeon
  5024 | D:5      | HP: 2/45 [orc priest/divine providence (10)]
  5027 | D:5      | Mangled by Pikel

Illustrated notes

Levels and vault maps discovered:
D:1:      wander_arrival_chamber, layout_basic
D:2:      layout_rooms, serial_shops, shop, shapermc_ecumenical_altar_rom_forum
D:3:      layout_loops_ring, nicolae_overflow_hidden_temple
D:4:      layout_rooms, gammafunk_temple_overflow_wave,
          mainiacjoe_overflow_surrounded_room, lemuel_another_geyser,
          uniq_duvessa, uniq_pikel
D:5:      layout_basic, nicolae_elyvilon_peaceful_grove,
          minmay_temple_entry_enclosed_plants, hangedman_decor_lopped,
          chequers_serial_rivers_marsh

Skill      XL: |  1  2  3  4  5  6  7 |
---------------+----------------------+-----
Fighting       | 4 5 |  5.9
Maces & Flails | 3 4 5 |  5.7
Invocations    | 1 2 |  2.2
Short Blades   | |  0.2
Polearms       | |  0.5
Armour         | |  3.2
Stealth        | |  0.2
Shields        | |  3.2

Action                   |  1- 3 |  4- 6 |  7- 9 || total
-------------------------+-------+-------+-------++-------
Melee: Flail             |    86 |   152 |       ||   238
       Trident           |       |    30 |       ||    30
       Dagger            |       |     9 |       ||     9
       Great mace        |       |     7 |    12 ||    19
  Use: Scroll            |       |     6 |     5 ||    11
       Potion            |       |     2 |     1 ||     3
Armor: Scale mail        |    41 |   115 |    17 ||   173
Dodge: Dodged            |    28 |    82 |    20 ||   130
Block: Kite shield       |    47 |   121 |       ||   168
